 Dungeon Crawl Stone Soup version 0.30-a0-862-g1aabd4f9c5 (webtiles) character file.

Game seed: 11499455322992963287

112 domi the Conjurer (level 4, -1/30 HPs)
             Began as a Demonspawn Conjurer on Mar 8, 2023.
             Slain by a sky beast (6 damage)
             ... on level 4 of the Dungeon.
             The game lasted 00:05:25 (3452 turns).

domi the Conjurer (Demonspawn Conjurer)             Turns: 3452, Time: 00:05:25

Health: -1/30      AC:  5    Str:  7 (8)  XL:     4   Next: 64%
Magic:  1/7        EV: 11    Int: 19 (21) God:
Gold:   187        SH:  0    Dex:  8 (11) Spells: 0/7 levels left

rFire   . . .      SeeInvis .    j - +0 falchion (elec)
rCold   + . .      Faith    .    (no shield)
rNeg    . . .      Spirit   .    l - +2 animal skin
rPois   .          Reflect  .    k - +0 helmet
rElec   .          Rampage  .    (no cloak)
rCorr   .                        (no gloves)
Will    .....                    (no boots) Stlth
                                 (no amulet)
HPRegen 0.25/turn                o - ring of protection from cold {rC+}
MPRegen 0.10/turn                (no ring)

@: silenced
A: ignite blood 2
a: no special abilities


You were on level 4 of the Dungeon.
You visited 1 branch of the dungeon, and saw 4 of its levels.

You collected 187 gold pieces.

Inventory:

Hand Weapons
 d - a +0 mace
   (You found it on level 1 of the Dungeon)
 j - a +0 falchion of electrocution (weapon)
   (You took it off a hobgoblin on level 2 of the Dungeon)
Missiles
 e - 2 throwing nets {=f, !d=f}
 f - 11 poisoned darts
 q - 4 curare-tipped darts {=f}
Armour
 k - a +0 helmet (worn)
   (You took it off Robin on level 2 of the Dungeon)
 l - a +2 animal skin (worn)
   (You took it off Robin on level 2 of the Dungeon)
Jewellery
 o - a ring of protection from cold (left hand) {rC+}
   (You found it on level 2 of the Dungeon)
 p - a ring of ice {rC+, rF-}
   (You found it on level 3 of the Dungeon)
Scrolls
 b - 3 scrolls of teleportation {unknown}
 c - a scroll of amnesia
 r - a scroll of poison {unknown}
 s - 2 scrolls of identify {@r1}
 t - a scroll of immolation {unknown}
 u - a scroll of blinking {unknown}
Potions
 g - a potion of degeneration {!q}
 h - a potion of resistance {unknown}
 i - a potion of heal wounds {unknown}
 m - a potion of lignification {unknown}


   Skills:
 - Level 1.7 Dodging
 - Level 1.7 Stealth
 - Level 2.0 Spellcasting
 + Level 6.0 Conjurations
 + Level 0.4 Translocations


You couldn't memorise any spells.
You knew the following spells:

 Your Spells              Type           Power      Damage    Failure   Level
c - Iskenderun's Mystic   Conj/Tloc      14%        2d5       41%         4
x - Searing Ray           Conj           48%        2d6       2%          2
z - Magic Dart            Conj           96%        1d7       1%          1

Your spell library contained the following spells:

 Spells                   Type           Power      Damage    Failure   Level
 Dazzling Flash           Conj/Hex       26%        N/A       14%         3
 Lesser Beckoning         Tloc           6%         N/A       22%         2
 Sublimation of Blood     Necr           1%         N/A       26%         2
 Wereblood                Tmut           1%         N/A       26%         2
 Gell's Gravitas          Tloc           3%         N/A       38%         3
 Teleport Other           Tloc           3%         N/A       38%         3
 Fulminant Prism          Conj/Hex       6%         3d6       43%         4
 Summon Hydra             Summ           0%         N/A       100%        7


Dungeon Overview and Level Annotations

Branches:
Dungeon (4/15)
 Temple: D:4-7

Altars:

Shops:
D:3 ::(


Innate Abilities, Weirdness & Mutations

Your demonic aura often causes spilled blood to erupt in flames.


Message History

You can't see any susceptible monsters within range! (Use Z to cast anyway.)
You can't see any susceptible monsters within range! (Use Z to cast anyway.)
g - 2 cyan potions (gained 1)
You see here a quokka skeleton.
Found a stone staircase leading up.
There is a stone staircase leading up here.
An orc comes into view. It is wielding a +0 flail.
An orc is nearby!
An orc is nearby!
An orc is nearby!
Aim: an orc, wielding a +0 flail (asleep, 100% to hit)
The magic dart hits the orc.
The orc shouts!
An adder comes into view.
Aim: an orc, wielding a +0 flail (lightly wounded, 100% to hit)
The magic dart hits the orc!
You kill the orc!
The adder hisses angrily.
Your Conjurations skill increases to level 6!
You can't see any susceptible monsters within range! (Use Z to cast anyway.)
You can't see any susceptible monsters within range! (Use Z to cast anyway.)
You can't see any susceptible monsters within range! (Use Z to cast anyway.)
An adder is nearby!
An adder is nearby!
Aim: an adder (100% to hit)
The magic dart hits the adder.
The adder closely misses you.
Aim: an adder (moderately wounded, 100% to hit)
The magic dart hits the adder.
The adder bites you.
You are poisoned.
The adder poisons you!
Aim: an adder (moderately wounded, 100% to hit)
The magic dart hits the adder.
You feel sick. The adder closely misses you. x2
Aim: an adder (almost dead, 100% to hit)
The magic dart hits the adder.
You kill the adder!
You feel sick.
You feel sick.
You feel sick.
You feel sick.
You feel sick.
You feel sick.
You are no longer poisoned.
You now have 187 gold pieces (gained 17).
There is a stone staircase leading up here.
u - a scroll labelled OZUXKA RAINI Done exploring.
Done exploring.
Done exploring.
Done exploring.
Done exploring.
There's nothing to open nearby.
(D) Dungeon
Where to? (Enter - D:2, ? - help)
There is a stone staircase leading down here.
You climb downwards.
There is a stone staircase leading up here.
Found a stone staircase leading down.
An orc comes into view. It is wielding a +0 club.
The orc shouts!
A sky beast comes into view.
There are monsters nearby!
There are monsters nearby!
Aim: an orc, wielding a +0 club and wearing a +0 leather armour (100% to hit)
The magic dart hits the orc.
Aim: an orc, wielding a +0 club and wearing a +0 leather armour (heavily wounded, 100% to hit)
The magic dart hits the orc but does no damage.
Aim: an orc, wielding a +0 club and wearing a +0 leather armour (heavily wounded, 100% to hit)
The magic dart hits the orc.
You kill the orc!
Aim: a sky beast (71% to hit)
The searing ray misses the sky beast. (Press . to maintain the ray.)
The searing ray hits the sky beast!
The searing ray hits the sky beast.
A kobold comes into view. It is wielding a +0 short sword.
It was a potion of degeneration.
There was something very wrong with that liquid.
You feel weakened.
You feel dopey.
You feel clumsy.
The sky beast hits you but does no damage.
As you read the scroll labelled EZIDOQ FITUULU, it crumbles to dust.
It is a scroll of amnesia.
Really abort (and waste the scroll)?
Okay, then.
The sky beast hits you but does no damage.
As you read the scroll labelled JUR ZECU ELODDA, it crumbles to dust.
Your body is wracked with pain!
The sky beast convulses!
It was a scroll of torment.
The sky beast hits you but does no damage.
As you read the scroll labelled KAKUEFOUPT, it crumbles to dust.
A profound silence engulfs you.
It was a scroll of silence.
The sky beast flickers out of sight!
Deactivating autopickup; reactivate with Ctrl-A.
Something hits you. Something shocks you.
* * * LOW HITPOINT WARNING * * *
Something hits you.
* * * LOW HITPOINT WARNING * * *
Something shocks you.
You die...

#..<# #.###
#####.#
##.....#
#.####..##..#
#......##..##
##..###...##
#..###.###
#...{@.#
#.).##.........
... #.######..
. ..# .### ..
.. ...


There were no monsters in sight!

Vanquished Creatures
  Robin (D:2)
  An adder (D:3)
  A worm (D:2)
  A dart slug (D:1)
  3 orcs
  7 ball pythons
  9 endoplasms
  3 giant cockroaches
  12 goblins
  6 hobgoblins
  8 jackals
  3 kobolds
  2 quokkas (D:3)
  7 bats
  3 frilled lizards
  7 rats
74 creatures vanquished.

Notes
Turn   | Place    | Note
-------+----------+-------------------------------------------
     0 | D:1      | domi the Demonspawn Conjurer began the quest for the Orb.
     0 | D:1      | Reached XP level 1. HP: 13/13 MP: 3/3
   175 | D:1      | HP: 2/13 [jackal (2)]
   359 | D:1      | Gained mutation: Your demonic aura sometimes causes spilled
                  | blood to erupt in flames. [demonic ancestry]
   359 | D:1      | Reached XP level 2. HP: 19/19 MP: 0/5
  1233 | D:1      | Reached skill level 5 in Conjurations
  1413 | D:1      | Reached XP level 3. HP: 24/24 MP: 3/6
  1416 | D:1      | Learned a level 2 spell: Searing Ray
  1743 | D:2      | HP: 5/24 [hobgoblin[Robin] (4)]
  1835 | D:2      | Noticed Robin
  1848 | D:2      | Killed Robin
  1938 | D:2      | Gained mutation: Your demonic aura often causes spilled
                  | blood to erupt in flames. [demonic ancestry]
  1938 | D:2      | Reached XP level 4. HP: 30/30 MP: 2/7
  2557 | D:2      | You fall into a shaft and drop 1 floor!
  2807 | D:3      | Found Weoth's Weapon Emporium.
  2928 | D:3      | Found Puawk's Book Boutique.
  2939 | D:3      | Learned a level 4 spell: Iskenderun's Mystic Blast
  3084 | D:3      | Found Taomul's Book Boutique.
  3234 | D:3      | Reached skill level 6 in Conjurations
  3441 | D:4      | Noticed a sky beast
  3451 | D:4      | HP: 7/30 [something (5)]
  3452 | D:4      | Slain by a sky beast

Illustrated notes

Levels and vault maps discovered:
D:1:      shiori_arrival_maze, layout_basic
D:2:      layout_loops_ring, uniq_robin, uniq_crazy_yiuf_cottage
D:3:      layout_rooms, serial_shops, nicolae_shop_bloodbath_and_beyond,
          nicolae_shop_behind_doors, shop, minmay_cut_off
D:4:      layout_rooms, mainiacjoe_overflow_catwalk

Skill      XL: |  1  2  3  4 |
---------------+-------------+-----
Conjurations   | 5 6 |  6.0
Dodging        | |  1.7
Stealth        | |  1.7
Spellcasting   | |  2.0
Translocations | |  0.4

Action                     |  1- 3 |  4- 6 || total
---------------------------+-------+-------++-------
  Melee: Mace              |    16 |       ||    16
         Falchion          |    30 |     1 ||    31
   Cast: Magic Dart        |    82 |    57 ||   139
         Searing Ray       |       |     1 ||     1
    Use: Scroll            |     1 |     3 ||     4
         Potion            |     1 |     1 ||     2
 Armour: Robe              |    11 |       ||    11
         Animal skin       |     2 |     6 ||     8
  Dodge: Dodged            |    39 |     7 ||    46

Table legend: (Time is in decaauts)
 A = Elapsed time spent in this place.
 B = Non-inter-level travel time spent in this place.
 C = Inter-level travel time spent in this place.
 D = Time resting spent in this place.
 E = Time spent auto-exploring this place.
 F = Levels seen in this place.
 G = Mean time per level.
                   A        B        C        D        E       F      G
               +--------+--------+--------+--------+--------+-----+--------+
         Total |   3465 |   3424 |     41 |    168 |   2879 |   4 |  866.2 |
       Dungeon |   3465 |   3424 |     41 |    168 |   2879 |   4 |  866.2 |
               +--------+--------+--------+--------+--------+-----+--------+

Top non-repeatable levels by time:
     D:1: 1467 daAuts
     D:2: 1104 daAuts
     D:3: 856 daAuts
     D:4: 37 daAuts

Table legend:
 A = Kills in this place as a percentage of kills in the entire game.
 B = Kills by you in this place as a percentage of kills by you in the entire game.
 C = Kills by friends in this place as a percentage of kills by friends in the entire game.
 D = Other kills in this place as a percentage of other kills in the entire game.
 E = Experience gained in this place as a percentage of experience gained in the entire game.
 F = Experience gained in this place divided by the number of levels of this place that you have seen.
                   A       B       C       D       E      F
               +-------+-------+-------+-------+-------+----------------------
         Total | 100.0 | 100.0 |   N/A |   N/A | 100.0 |  40.2
       Dungeon | 100.0 | 100.0 |   N/A |   N/A | 100.0 |  40.2
               +-------+-------+-------+-------+-------+----------------------
